 Dungeon Crawl Stone Soup version 0.26.1-2-gb8aa6d0cf2 (webtiles) character file.

Game seed: 7556145095748385266

774 sapthan the Grappler (level 7, -17/66 HPs)
             Began as a Troll Monk on Feb 16, 2021.
             Demolished by an ogre
             ... wielding a +0 giant club
              (30 damage)
             ... on level 5 of the Dungeon.
             The game lasted 00:06:54 (3363 turns).

sapthan the Grappler (Troll Monk)                   Turns: 3363, Time: 00:06:55

Health: -17/66     AC:  6    Str: 22    XL:     7   Next: 53%
Magic:  6/6        EV: 10    Int:  6    God:
Gold:   246        SH:  5    Dex: 12    Spells: 6/6 levels left

rFire    . . .     SeeInvis .     - Unarmed
rCold    . . .     Faith    .   (no shield)
rNeg     . . .     Spirit   .   a - +0 robe
rPois    .         Reflect  +   (helmet restricted)
rElec    .         Harm     +   p - scarf {harm}
rCorr    .         Rampage  .   (gloves unavailable)
Will     +....                  (boots unavailable)
Stlth    ++........             h - amulet of reflection
HPRegen  0.61/turn              c - ring of willpower
MPRegen  0.10/turn              (no ring)

@: no status effects
A: large, unfitting armour, claws 3, regeneration 1, shaggy fur 1, tough skin 3
a: no special abilities


You were on level 5 of the Dungeon.
You visited 1 branch of the dungeon, and saw 5 of its levels.

You collected 246 gold pieces.

Inventory:

Missiles
 g - 63 stones (quivered)
 q - a throwing net
Armour
 a - a +0 robe (worn)
 p - a scarf of harm (worn)
Jewellery
 c - a ring of willpower (left claw)
 e - an uncursed amulet of magic regeneration
 h - an amulet of reflection (around neck)
 x - a cursed -4 ring of protection {unknown}
 z - an uncursed ring of fire {unknown}
Scrolls
 b - 2 scrolls of teleportation {unknown}
 d - 6 scrolls of identify {unknown}
 i - 2 scrolls of magic mapping {unknown}
 l - 3 scrolls of remove curse {unknown}
 n - a scroll of amnesia {unknown}
 t - 2 scrolls of blinking {unknown}
 w - a scroll of enchant armour {unknown}
 y - a scroll of enchant weapon {unknown}
Potions
 f - a potion of mutation {unknown}
 j - 2 potions of curing
 k - a potion of berserk rage {unknown}
 m - a potion of magic
 o - a potion of heal wounds {unknown}
 r - a potion of brilliance {unknown}
 s - a potion of lignification {unknown}
 u - a potion of flight {unknown}
 v - a potion of might {unknown}


   Skills:
 - Level 2.4 Fighting
 - Level 2.4 Dodging
 - Level 1.0 Stealth
 + Level 9.0 Unarmed Combat


You had 6 spell levels left.
You didn't know any spells.
Your spell library was empty.

Dungeon Overview and Level Annotations

Branches:
Dungeon (5/15)
 Temple: D:4-7

Altars:
Dithmenos
Xom

Shops:
D:4 *


Innate Abilities, Weirdness & Mutations

You are too large for most types of armour.
You have claws for hands.
Your natural rate of healing is unusually fast.
You are covered in fur. (AC +1)
You have extremely tough skin. (AC +3)


Message History

An ogre comes into view. It is wielding a +0 giant club.
The centaur shoots an arrow.
The arrow hits you!
The ogre shouts!
You see here an arrow.
The centaur shoots an arrow.
The arrow hits you!
The centaur shoots an arrow.
The arrow hits you!
* * * LOW HITPOINT WARNING * * *
Found a stone staircase leading up.
You see here 2 arrows.
You are too injured to fight recklessly!
You are too injured to fight recklessly!
The centaur shoots an arrow.
The arrow hits you!
* * * LOW HITPOINT WARNING * * *
You see here 2 arrows.
It was a potion of curing.
You feel better.
It was a potion of magic.
Magic courses through your body.
You scratch the ogre but do no damage. You claw the ogre.
The ogre is lightly wounded.
The ogre hits you with a +0 giant club!!
You die...

######### . #....@O.# ..<
#######.#####c####.....
######......^......((.......
.............##..(..........
######)########.##.#####....
# #)# #.##.# ... # #.#
#.##.# . ######.# #.##.#
..(..#.# ...#.#


You could see an ogre and a centaur.

Vanquished Creatures
  A sky beast (D:4)
  An ogre (D:5)
  A centaur (D:5)
  3 crimson imps (D:3)
  A hound (D:5)
  2 orc priests (D:5)
  2 orc wizards (D:5)
  2 iguanas (D:4)
  2 worker ants
  A hound skeleton (D:4)
  9 adders
  A white imp (D:5)
  A worm (D:3)
  3 dart slugs
  4 leopard geckos
  4 orcs
  2 ball pythons
  2 bats
  5 giant cockroaches
  3 goblins
  8 hobgoblins
  2 quokkas
  5 frilled lizards
  7 kobolds
  8 rats
80 creatures vanquished.

Notes
Turn   | Place    | Note
-------+----------+-------------------------------------------
     0 | D:1      | sapthan the Troll Monk began the quest for the Orb.
     0 | D:1      | Reached XP level 1. HP: 22/22 MP: 0/0
     6 | D:1      | Noticed a seven-headed hydra
     7 | D:1      | Noticed an anaconda
     7 | D:1      | Noticed a worker ant
   350 | D:1      | Reached XP level 2. HP: 29/29 MP: 1/1
  1123 | D:2      | Reached skill level 4 in Unarmed Combat
  1173 | D:2      | Reached XP level 3. HP: 36/36 MP: 2/2
  1903 | D:3      | Reached XP level 4. HP: 42/44 MP: 3/3
  1926 | D:3      | Reached skill level 5 in Unarmed Combat
  2284 | D:3      | Found a shimmering altar of Xom.
  2296 | D:3      | Reached skill level 6 in Unarmed Combat
  2296 | D:3      | Reached XP level 5. HP: 49/50 MP: 4/4
  2430 | D:4      | Found Hefatreg's General Store.
  2495 | D:4      | Found a shadowy altar of Dithmenos.
  2506 | D:4      | Reached XP level 6. HP: 59/59 MP: 5/5
  2596 | D:4      | Reached skill level 7 in Unarmed Combat
  2938 | D:4      | Noticed a sky beast
  2945 | D:4      | Killed a sky beast
  3108 | D:5      | Entered Level 5 of the Dungeon
  3261 | D:5      | Reached skill level 8 in Unarmed Combat
  3261 | D:5      | Reached XP level 7. HP: 66/66 MP: 6/6
  3304 | D:5      | Reached skill level 9 in Unarmed Combat
  3363 | D:5      | Demolished by an ogre

Illustrated notes

Levels and vault maps discovered:
D:1:      onia_arrival_zoo_common, layout_basic
D:2:      wad_river_or_something, layout_basic
D:3:      layout_basic, grunt_ministairs_1, led_xom_imps
D:4:      layout_gridville, serial_shops, shop, grunt_dithmenos_smoke
D:5:      layout_loops_ring, temple_hall

Skill      XL: |  1  2  3  4  5  6  7 |
---------------+----------------------+-----
Unarmed Combat | 4 6 8 9 |  9.0
Fighting       | |  2.4
Dodging        | |  2.4
Stealth        | |  1.0

Action                   |  1- 3 |  4- 6 |  7- 9 || total
-------------------------+-------+-------+-------++-------
Melee: Unarmed           |    88 |   122 |    15 ||   225
       Punch             |     1 |     7 |     2 ||    10
  Use: Potion            |       |       |     2 ||     2
 Stab: Sleeping          |     6 |     2 |       ||     8
Armor: Robe              |    29 |    30 |     1 ||    60
Dodge: Dodged            |    24 |    44 |     2 ||    70
Block: Other             |     6 |    19 |     2 ||    27
       Reflection        |       |       |     1 ||     1
